 Dungeon Crawl Stone Soup version 0.29.1-13-g9f3cf754e1 (webtiles) character file.

Game seed: 3269881545554921195

8 Chiseanne the Cutter (level 2, 22/22 HPs)
             Began as a Demonspawn Wanderer on Jan 30, 2023.
             Quit the game on level 1 of the Dungeon.
             The game lasted 00:00:33 (679 turns).

Chiseanne the Cutter (Demonspawn Wanderer)           Turns: 679, Time: 00:00:34

Health: 22/22      AC:  4    Str: 14    XL:     2   Next: 0%
Magic:  3/3        EV: 11    Int: 10    God:
Gold:   45         SH:  0    Dex: 13    Spells: 2/3 levels left

rFire   . . .      SeeInvis .   a - +3 short sword
rCold   . . .      Faith    .   (no shield)
rNeg    . . .      Spirit   .   c - +0 leather armour
rPois   .          Reflect  .   (helmet restricted)
rElec   .          Harm     .   (no cloak)
rCorr   .          Rampage  .   (no gloves)
Will    .....                   i - +0 pair of boots
Stlth   +.........              (no amulet)
HPRegen 0.07/turn               (no ring)
MPRegen 0.08/turn               (no ring)

@: no status effects
A: antennae 1
a: no special abilities


You were on level 1 of the Dungeon.
You visited 1 branch of the dungeon, and saw 1 of its levels.

You collected 45 gold pieces.

Inventory:

Hand Weapons
 a - a +3 short sword (weapon)
Missiles
 e - 13 stones
 f - 6 silver javelins
Armour
 c - a +0 leather armour (worn)
 i - a +0 pair of boots (worn)
Scrolls
 d - a scroll of amnesia {unknown}
 g - a scroll of identify {unknown}
Potions
 b - a potion of haste
 h - 2 potions of lignification {unknown}


   Skills:
 * Level 2.2 Fighting
 - Level 2.6 Short Blades
 * Level 2.0 Armour
 * Level 0.6 Dodging
 - Level 1.0 Stealth
 - Level 1.0 Spellcasting
 - Level 1.0 Air Magic


You had 2 spell levels left.
You knew the following spells:

 Your Spells              Type           Power      Damage    Failure   Level
a - Shock                 Conj/Air       4%         1d3       34%         1

Your spell library contained the following spells:

 Spells                   Type           Power      Damage    Failure   Level
 Mephitic Cloud           Conj/Pois/Air  1%         N/A       75%         3


Dungeon Overview and Level Annotations

Branches:
Dungeon (1/15)

Altars:


Innate Abilities, Weirdness & Mutations

You have a pair of small antennae on your head.


Message History

You kill the bat!
No target in view!
No target in view!
No target in view!
No target in view!
No target in view!
No target in view!
No target in view!
No target in view!
No target in view!
No target in view!
No target in view!
No target in view!
No target in view!
A rat comes into view.
The rat completely misses you.
You hit the rat.
You kill the rat!
No target in view!
No target in view!
No target in view!
No target in view!
No target in view!
No target in view!
No target in view!
No target in view!
No target in view!
No target in view!
No target in view!
No target in view!
e - 13 stones (gained 8)
A frilled lizard comes into view.
The frilled lizard hisses angrily.
The frilled lizard misses you.
You hit the frilled lizard.
You kill the frilled lizard!
You have reached level 2!
Your demonic ancestry asserts itself...
A pair of antennae grows on your head!
Are you sure you want to abandon this character and quit the game? (Confirm with "yes".)

.## ..# #.#
#.#####
#.#...#
#.#.#.#
#.#...#
#@#...#
#.##..#
#.....#
#####.# #.#
#.# #.# ###
#.#######.#
#.........####


There were no monsters in sight!

Vanquished Creatures
  2 bats (D:1)
  A goblin (D:1)
  A hobgoblin (D:1)
  A frilled lizard (D:1)
  2 kobolds (D:1)
  2 rats (D:1)
9 creatures vanquished.

Notes
Turn   | Place    | Note
-------+----------+-------------------------------------------
     0 | D:1      | Chiseanne the Demonspawn Wanderer began the quest for the
                  | Orb.
     0 | D:1      | Chiseanne set off with the following items: a +3 short
                  | sword, a potion of haste, a +0 leather armour; and the
                  | following spell memorised: Shock; and the following spells
                  | available to memorise: Mephitic Cloud.
     0 | D:1      | Reached XP level 1. HP: 16/16 MP: 2/2
   679 | D:1      | Gained mutation: You have a pair of small antennae on your
                  | head. [demonic ancestry]
   679 | D:1      | Reached XP level 2. HP: 22/22 MP: 3/3
   679 | D:1      | Quit the game

Illustrated notes

Levels and vault maps discovered:
D:1:      tarquinn_simple_flora_water_e, layout_basic,
          shapermc_ecumenical_altar_petra

Skill      XL: |  1 |
---------------+----+-----
Armour         | 2 |  2.0
Fighting       | |  2.2
Short Blades   | |  2.6
Dodging        | |  0.6
Stealth        | |  1.0
Spellcasting   | |  1.0
Air Magic      | |  1.0

Action                   || total
-------------------------++-------
Melee: Short sword       ||    24
Armor: Leather armour    ||     6
Dodge: Dodged            ||    10
